 Dungeon Crawl Stone Soup version 0.19.0-20-gbc5f0c6 (webtiles) character file.

10288 Haldmier the Grappler (level 11, -8/107 HPs)
             Began as a Troll Monk on Nov 17, 2016.
             Was an Elder of Ru.
             Succumbed to Sonja's poison
             ... on level 1 of the Lair of Beasts.
             The game lasted 00:27:12 (7861 turns).

Haldmier the Grappler (Troll Monk)                  Turns: 7861, Time: 00:27:13

Health: -8/107     AC: 10    Str: 24    XL:     11   Next: 34%
Magic:  10/10      EV: 13    Int:  4    God:    Ru [****..]
Gold:   599        SH:  0    Dex: 12    Spells: 0 memorised, 10 levels left

rFire  . . .     SeeInvis .       - Unarmed
rCold  + . .     Gourm    +     G - +2 robe
rNeg   . . .     Faith    .     (no shield)
rPois  .         Spirit   .     (helmet restricted)
rElec  .         Reflect  .     N - +2 cloak
rCorr  .         Harm     .     (gloves unavailable)
MR     +....                    (boots unavailable)
Stlth  ++........               (no amulet)
                                x - ring of protection from cold
                                t - ring of protection from magic

@: lethally poisoned (-8 -> -114), slowed, very slow
A: unfitting armour, claws 3, dopey 1, fast metabolism 3, gourmand, regeneration
1, shaggy fur 1, tough skin 2, inability to read while threatened, inability to
use devices
a: Draw Out Power, Power Leap, Renounce Religion


You were on level 1 of the Lair of Beasts.
You worshipped Ru.
Ru was greatly pleased with you.
You were very full.

You visited 3 branches of the dungeon, and saw 11 of its levels.

You collected 599 gold pieces.

Inventory:

Hand Weapons
 z - the +10 spear "Rerghitwon" {flame, rF+ SInv}
   (You found it on level 6 of the Dungeon)

   It has been specially enchanted to burn those struck by it, causing extra
   injury to most foes and up to half again as much damage against particularly
   susceptible opponents.
   It protects you from fire.
   It lets you see invisible.
Missiles
 A - 2 large rocks (quivered)
Armour
 G - a +2 robe (worn)
 N - a +2 cloak (worn)
Jewellery
 t - a ring of protection from magic (left claw)
 x - a ring of protection from cold (right claw)
 I - an uncursed amulet of faith
Scrolls
 d - 4 scrolls of magic mapping
 e - 6 scrolls of remove curse
 f - a scroll of enchant armour
 g - a scroll of fear
 i - a scroll of immolation
 k - a scroll of vulnerability {unknown}
 o - a scroll of recharging {unknown}
 p - 2 scrolls of teleportation
 q - a scroll of brand weapon {unknown}
 D - 2 scrolls of fog
Potions
 a - a potion of ambrosia {unknown}
 c - a potion of cure mutation
 h - 4 potions of might
 j - 4 potions of haste
 m - 2 potions of flight {unknown}
 r - 3 potions of lignification
 s - a potion of berserk rage {unknown}
 B - a potion of resistance {unknown}
 F - a potion of invisibility {unknown}
 J - a potion of heal wounds {unknown}
Books
 l - a book of Enchantments

   Spells                             Type                      Level
   a - Cause Fear                     Hexes                        4
   b - Yara's Violent Unravelling     Hexes/Transmutation          5
   c - Silence                        Hexes/Air                    5
   d - Deflect Missiles               Charms/Air                   6
   e - Discord                        Hexes                        8
Comestibles
 b - 7 bread rations
 n - a beef jerky
 u - 2 meat rations
 E - 16 fruits
 M - 9 royal jellies


   Skills:
 + Level 6.9 Fighting
 + Level 7.1 Dodging
 - Level 1.0 Stealth
 + Level 14.0 Unarmed Combat


You had 10 spell levels left.
You didn't know any spells.

Dungeon Overview and Level Annotations

Branches:
Dungeon (9/15)             Temple (1/1) D:4            Lair (1/6) D:9
    Orc: D:9-12

Altars:
Ashenzari
Cheibriados
Dithmenos
Elyvilon
Fedhas
Gozag
Hepliaklqana
Kikubaaqudgha
Makhleb
Nemelex Xobeh
Okawaru
Qazlal
Ru
Sif Muna
Trog
Uskayaw
Vehumet
Xom
Yredelemnul
Zin
The Shining One


Innate Abilities, Weirdness & Mutations

You are too large for most types of armour.
You have claws for hands.
You are dopey. (Int -2)
Your metabolism is lightning-fast.
You like to eat raw meat.
Your natural rate of healing is unusually fast.
You are covered in fur. (AC +1)
You have very tough skin. (AC +2)
You cannot read scrolls while threatened.
You cannot study or use magical devices.


Message History

You are more poisoned.
Sonja hits you but does no damage.
You are more poisoned.
You mangle Sonja!!
You kill Sonja!
Your life force feels restored.
Your Dodging skill increases to level 7!
Your Unarmed Combat skill increases to level 14!
* * * LOW HITPOINT WARNING * * *
You feel extremely sick.
You are alive.
You are lethally poisoned (19 -> -101).
You are exhausted.
You are slowed.
Your movement speed is very slow.
Your attack speed is below average.
Unknown command.
Okay, then.
You feel less exhausted.
* * * LOW HITPOINT WARNING * * *
You feel extremely sick.
It was a potion of cure mutation.
It has a very clean taste.
You die...

....................PP.(≈≈≈♣≈
...................P.PP≈≈♣♣≈≈
............P.....PPP≈♣♣♣≈P≈P
................<.≈P≈≈≈♣♣PP..
............##P≈≈≈♣♣PPPP.
.......#...##.PP≈≈≈≈♣PP..
##.........##.≈≈P≈≈≈♣PPPP
#......)..#...PPP.≈≈♣≈≈.
###....@...#...#.P≈PP♣≈≈
#.#...##.....###..≈≈≈P≈
###..(.#......#P....PPP
#..........###......P
#P..........##.......
###....................
#..(..##...............
####.....P##..)...........
#P.:.....####.............


There were no monsters in sight!

Vanquished Creatures
  Erica (D:8)
  Sonja (Lair:1)
  Pikel (D:9)
  Joseph (D:8)
  A black mamba (Lair:1)
  Psyche (D:8)
  4 blink frogs (Lair:1)
  3 hippogriffs
  Sigmund (D:2)
  A wyvern (D:8)
  15 yaks
  A basilisk (Lair:1)
  2 soldier ants (D:9)
  2 porcupines (Lair:1)
  2 water moccasins
  An orc warrior (D:6)
  5 sky beasts
  A black bear (Lair:1)
  A necrophage (D:6)
  6 ogres
  2 phantoms
  2 centaurs
  A crocodile (Lair:1)
  The ghost of McCoppin the Sneak, an amateur OpNe (D:3)
  A big kobold (D:8)
  A bullfrog (D:9)
  5 scorpions
  3 howler monkeys
  An electric eel (Lair:1)
  2 crimson imps
  2 orc priests
  3 hounds
  A centaur skeleton (D:4)
  Ijyb (D:2)
  2 iguanas
  Natasha (thrice) (D:2)
  7 orc wizards
  2 worker ants (D:4)
  A hound skeleton (D:7)
  A worker ant zombie (D:4)
  12 adders
  2 oozes (D:2)
  3 adder zombies
  7 worms
  4 dart slugs
  5 leopard geckos
  22 orcs
  7 bats
  7 giant cockroaches
  2 goblins
  5 hobgoblins
  6 jackals
  15 kobolds
  5 quokkas
  5 frilled lizards
  A leopard gecko zombie (D:5)
  5 rats
206 creatures vanquished.

Vanquished Creatures (others)
  An orc warrior (D:9)
  A slave (D:9)
  A worker ant (D:9)
  2 plants (Lair:1)
5 creatures vanquished.

Grand Total: 211 creatures vanquished

Notes
Turn   | Place    | Note
-------+----------+-------------------------------------------
     0 | D:1      | Haldmier the Troll Monk began the quest for the Orb.
     0 | D:1      | Reached XP level 1. HP: 22/22 MP: 0/0
   140 | D:1      | Reached XP level 2. HP: 24/29 MP: 1/1
   534 | D:2      | Noticed Natasha
   543 | D:2      | Killed Natasha
   543 | D:2      | Reached skill level 4 in Unarmed Combat
   543 | D:2      | Reached XP level 3. HP: 32/36 MP: 2/2
   650 | D:2      | Noticed Ijyb
   651 | D:2      | Noticed Sigmund
   667 | D:2      | Reached XP level 4. HP: 23/44 MP: 3/3
   669 | D:2      | Killed Ijyb
   669 | D:2      | Reached skill level 5 in Unarmed Combat
   791 | D:2      | Noticed Natasha
   817 | D:2      | Killed Natasha
   904 | D:2      | Reached XP level 5. HP: 48/50 MP: 4/4
   936 | D:2      | Noticed Natasha
   947 | D:2      | Killed Natasha
   947 | D:2      | Reached skill level 6 in Unarmed Combat
  1119 | D:2      | Killed Sigmund
  1119 | D:2      | Reached skill level 7 in Unarmed Combat
  1119 | D:2      | Reached XP level 6. HP: 39/59 MP: 5/5
  1451 | D:3      | Noticed McCoppin's ghost (amateur OpNe)
  1459 | D:3      | Killed McCoppin's ghost
  1776 | D:4      | Reached skill level 8 in Unarmed Combat
  1776 | D:4      | Reached XP level 7. HP: 49/66 MP: 6/6
  1942 | D:4      | Found a staircase to the Ecumenical Temple.
  1959 | Temple   | Entered the Ecumenical Temple
  2205 | Temple   | Became a worshipper of Ru the Awakened
  2225 | D:4      | Gained mutation: You are dopey. (Int -2) [Ru sacrifice]
  2287 | D:4      | Found a sparkling altar of Nemelex Xobeh.
  2879 | D:5      | Entered Level 5 of the Dungeon
  2897 | D:5      | Reached skill level 9 in Unarmed Combat
  3204 | D:5      | Reached XP level 8. HP: 74/74 MP: 7/7
  3256 | D:5      | Reached skill level 10 in Unarmed Combat
  3863 | D:6      | Noticed a hippogriff
  3868 | D:6      | Reached skill level 11 in Unarmed Combat
  3884 | D:6      | Killed a hippogriff
  4008 | D:6      | Got an ivory spear
  4048 | D:6      | Gained mutation: You cannot read scrolls while threatened. [Ru sacrifice]
  4048 | D:6      | Reached * piety under Ru
  4205 | D:6      | Reached XP level 9. HP: 40/80 MP: 8/8
  4481 | D:7      | Reached skill level 12 in Unarmed Combat
  4662 | D:7      | Found a sparkling altar of Nemelex Xobeh.
  5389 | D:8      | Noticed Psyche
  5405 | D:8      | Paralysed by Psyche for 2 turns
  5412 | D:8      | Killed Psyche
  5748 | D:8      | Noticed Joseph
  5756 | D:8      | Killed Joseph
  6041 | D:8      | Gained mutation: You cannot study or use magical devices. [Ru sacrifice]
  6041 | D:8      | Reached ** piety under Ru
  6041 | D:8      | Reached *** piety under Ru
  6041 | D:8      | Reached **** piety under Ru
  6044 | D:8      | Noticed Erica
  6058 | D:8      | Killed Erica
  6058 | D:8      | Reached skill level 5 in Dodging
  6058 | D:8      | Reached XP level 10. HP: 67/94 MP: 4/9
  6277 | D:9      | Noticed Pikel
  6288 | D:9      | Killed Pikel
  6288 | D:9      | Reached skill level 5 in Fighting
  6288 | D:9      | Reached skill level 13 in Unarmed Combat
  6414 | D:9      | Found a staircase to the Lair.
  6966 | D:9      | Identified the +10 spear "Rerghitwon" {flame, rF+ SInv} (You found it on level 6 of the Dungeon)
  6982 | Lair:1   | Entered Level 1 of the Lair of Beasts
  7323 | Lair:1   | Noticed a black mamba
  7331 | Lair:1   | Killed a black mamba
  7331 | Lair:1   | Reached XP level 11. HP: 78/105 MP: 10/10
  7846 | Lair:1   | Noticed Sonja
  7859 | Lair:1   | Killed Sonja
  7859 | Lair:1   | Reached skill level 14 in Unarmed Combat
  7860 | Lair:1   | HP: 5/107 [poisoned by Sonja]
  7861 | Lair:1   | Succumbed to Sonja's poison

Skill      XL: |  1  2  3  4  5  6  7  8  9 10 11 |
---------------+----------------------------------+-----
Unarmed Combat | 4 5 7 8 9 11 12 13 14 | 14.0
Fighting       | 4 6 |  6.9
Dodging        | 5 6 7 |  7.1
Stealth        | |  1.0

Action                   |  1- 3 |  4- 6 |  7- 9 | 10-12 || total
-------------------------+-------+-------+-------+-------++-------
Melee: Unarmed           |    79 |   132 |   251 |   167 ||   629
       Punch             |       |     6 |    11 |    10 ||    27
Invok: Sacrifice Purity  |       |       |     1 |       ||     1
       Sacrifice Words   |       |       |     1 |       ||     1
       Power Leap        |       |       |     1 |     1 ||     2
       Sacrifice Artific |       |       |     1 |       ||     1
       Draw Out Power    |       |       |       |     1 ||     1
  Use: Scroll            |       |       |       |    14 ||    14
       Potion            |       |       |       |     1 ||     1
 Stab: Sleeping          |       |       |     6 |     1 ||     7
       Invisible         |       |       |     1 |     4 ||     5
  Eat: Chunk             |     3 |    19 |    39 |    15 ||    76
Armor: Robe              |    25 |    57 |    55 |    32 ||   169
Dodge: Dodged            |    24 |    79 |    78 |    78 ||   259
